 Dungeon Crawl Stone Soup version 0.23.1-41-g7e51ed3 (webtiles) character file.

Game seed: 8494491079494284839

12973 teukkam the Cleaver (level 11, 0/97 HPs)
             Began as a Minotaur Fighter on Mar 29, 2019.
             Was an Elder of Zin.
             Succumbed to a black mamba's poison
             ... on level 4 of the Lair of Beasts.
             The game lasted 00:39:59 (9790 turns).

teukkam the Cleaver (Minotaur Fighter)              Turns: 9790, Time: 00:40:00

Health: 0/97       AC: 14    Str: 24    XL:     11   Next: 69%
Magic:  13/13      EV: 13    Int:  3    God:    Zin [****..]
Gold:   501        SH: 12    Dex: 10    Spells: 10/10 levels left

rFire    + . .     SeeInvis .   a - +2 short sword (venom)
rCold    + + +     Gourm    .   c - +0 shield
rNeg     . . .     Faith    .   n - +2 chain mail {rC+}
rPois    +         Spirit   .   (helmet unavailable)
rElec    +         Reflect  .   (no cloak)
rCorr    +         Harm     .   (no gloves)
MR       .....     Clarity  +   (no boots)
Stlth    ..........             (no amulet)
HPRegen  0.26/turn              u - ring of protection from cold
MPRegen  0.13/turn              C - +4 ring of evasion

@: lethally poisoned (0 -> -8), resistant
A: retaliatory headbutt, horns 3, clarity, dopey 1, high mp 1
a: Recite, Vitalisation, Imprison, Donate Gold, Renounce Religion


You were on level 4 of the Lair of Beasts.
You worshipped Zin.
Zin was greatly pleased with you.
You were not hungry.

You visited 3 branches of the dungeon, and saw 16 of its levels.

You collected 556 gold pieces.
You donated 55 gold pieces to Zin.

Inventory:

Hand Weapons
 a - a +2 short sword of venom (weapon)
 j - a +1 flail of crushing
 m - a +4 shortbow
 q - a +0 dagger of venom
 v - a +0 war axe
 I - a -1 dagger
Missiles
 o - 276 arrows
 r - 5 curare-tipped needles
Armour
 c - a +0 shield (worn)
 n - a +2 chain mail of cold resistance (worn)
Jewellery
 u - a ring of protection from cold (left hand)
 y - an uncursed ring of resist corrosion
 C - a +4 ring of evasion (right hand)
 G - a cursed amulet of inaccuracy {unknown}
Wands
 d - a wand of paralysis (1)
 p - a wand of iceblast (6)
 s - a wand of flame (36)
 A - a wand of disintegration (13)
Scrolls
 b - 6 scrolls of identify
 e - 7 scrolls of remove curse
 g - a scroll of summoning
 h - 2 scrolls of enchant armour
 k - 4 scrolls of teleportation
 l - 2 scrolls of magic mapping
 x - a scroll of fog
 E - a scroll of immolation
Potions
 i - 2 potions of haste
 t - 3 potions of degeneration
 w - a potion of brilliance
 z - a potion of mutation
Comestibles
 f - 7 rations


   Skills:
 + Level 9.1 Fighting
 + Level 2.4 Short Blades
 - Level 12.5(12.7) Axes
 - Level 2.7(8.7) Maces & Flails
 + Level 11.4 Armour
 - Level 3.7 Dodging
 - Level 3.9 Stealth
 + Level 9.9 Shields
 - Level 2.3 Invocations
 - Level 1.1 Evocations


You had 10 spell levels left.
You didn't know any spells.
Your spell library contained the following spells:

 Spells                   Type           Power        Failure   Level  Hunger
 Beastly Appendage        Tmut           #.....       99%         1    ##.....
 Magic Dart               Conj           #...         99%         1    ##.....
 Blink                    Tloc           N/A          100%        2    ###....
 Call Imp                 Summ           #.......     100%        2    ###....
 Passwall                 Tmut/Erth      #.......     100%        2    ###....
 Slow                     Hex            #.......     100%        2    ###....
 Sticks to Snakes         Tmut           #.......     100%        2    ###....
 Swiftness                Chrm/Air       #.......     100%        2    ###....
 Conjure Flame            Conj/Fire      #.......     100%        3    ####...
 Mephitic Cloud           Conj/Pois/Air  #.......     100%        3    ####...
 Spider Form              Tmut/Pois      #.........   100%        3    ####...
 Ice Form                 Ice/Tmut       #.......     100%        4    #####..
 Passage of Golubria      Tloc           N/A          100%        4    #####..
 Blade Hands              Tmut           #.........   100%        5    ######.
 Lee's Rapid Deconstruct  Erth           #.........   100%        5    ######.
 Darkness                 Hex            #.........   100%        6    #######
 Invisibility             Hex            #.......     100%        6    #######


Dungeon Overview and Level Annotations

Branches:
Dungeon (11/15)            Temple (1/1) D:4            Lair (4/6) D:11
  Snake (0/4) Lair:4          Orc (0/2) D:9
  Swamp: Lair:2-4    Shoals: Lair:2-4

Altars:
Ashenzari
Cheibriados
Elyvilon
Fedhas
Hepliaklqana
Kikubaaqudgha
Makhleb
Nemelex Xobeh
Okawaru
Qazlal
Ru
Sif Muna
Trog
Uskayaw
Vehumet
Wu Jian
Yredelemnul
Zin

Shops:
D:10 *

Annotations:
D:9 Flogoulo's ghost, journeyman FoFi
Lair:1 exclusion: oklob plant


Innate Abilities, Weirdness & Mutations

You reflexively headbutt those who attack you in melee.
You have a pair of large horns on your head.
You possess an exceptional clarity of mind.
You are dopey. (Int -2)
You have an increased reservoir of magic. (+10% MP)


Message History

There is a lethal amount of poison in your body!
You feel protected.
* * * LOW HITPOINT WARNING * * *
You feel sick.
* * * LOW HITPOINT WARNING * * *
You feel sick.
* * * LOW HITPOINT WARNING * * *
You feel sick.
* * * LOW HITPOINT WARNING * * *
You feel sick.
* * * LOW HITPOINT WARNING * * *
You feel sick.
* * * LOW HITPOINT WARNING * * *
You feel sick.
* * * LOW HITPOINT WARNING * * *
You feel sick.
* * * LOW HITPOINT WARNING * * *
You feel sick.
The naga shouts!
You die...

#♣# ♣#..# ♣....##
P≈♣.#.#.####
P≈......P#.##
≈≈..#.......###### ≈P
#.............#
#.....###...@..#
≈..(#...#.###...#
≈≈..##..... ......# ....
...... .......#
.................N...!
...............>.....#
.....................#
.............#.......#..
........#....# ..... ..#


You could see a naga.

Vanquished Creatures
  2 hydras (Lair:1)
  Sonja (Lair:3)
  Pikel (D:4)
  An ugly thing (D:9)
  A black mamba (Lair:3)
  5 spiny frogs
  3 komodo dragons
  A polar bear (Lair:3)
  3 blink frogs (Lair:4)
  3 hippogriffs
  11 yaks
  A wyvern (Lair:3)
  2 basilisks (Lair:1)
  A hungry ghost (D:10)
  Grum (D:8)
  3 water moccasins
  5 porcupines
  2 orc warriors
  2 slaves (D:4)
  An ice beast (D:9)
  2 sky beasts (D:5)
  3 ogres
  2 wolves (D:8)
  4 centaurs
  4 crocodiles
  5 bullfrogs
  A wyvern zombie (D:8)
  2 scorpions
  4 howler monkeys (D:9)
  An electric eel (D:6)
  3 crimson imps
  2 orc priests
  4 jellies
  9 orc wizards
  A bullfrog skeleton (D:4)
  A centaur skeleton (D:4)
  2 iguanas
  Ijyb (D:3)
  3 worker ants
  A hound skeleton (D:9)
  A howler monkey zombie (D:8)
  7 gnolls
  8 adders
  2 shadow imps
  3 oozes
  3 dart slugs
  9 leopard geckos
  27 orcs
  5 giant cockroaches
  8 goblins
  7 hobgoblins
  4 jackals
  6 kobolds
  A quokka (D:3)
  2 ball pythons
  8 bats
  7 frilled lizards
  A leopard gecko zombie (D:6)
  A quokka skeleton (D:7)
  10 rats
  A fungus (Lair:3)
226 creatures vanquished.

Vanquished Creatures (others)
  2 fungi (Lair:3)
2 creatures vanquished.

Grand Total: 228 creatures vanquished

Notes
Turn   | Place    | Note
-------+----------+-------------------------------------------
     0 | D:1      | teukkam the Minotaur Fighter began the quest for the Orb.
     0 | D:1      | Reached XP level 1. HP: 19/19 MP: 0/0
   218 | D:2      | Reached XP level 2. HP: 27/27 MP: 1/1
   460 | D:2      | Reached XP level 3. HP: 33/33 MP: 2/2
   593 | D:3      | Noticed Ijyb
   595 | D:3      | Paralysed by Ijyb for 6 turns
   611 | D:3      | Reached skill level 3 in Axes
   611 | D:3      | Paralysed by Ijyb for 7 turns
   618 | D:3      | Killed Ijyb
   618 | D:3      | Reached XP level 4. HP: 18/40 MP: 3/3
   677 | D:5      | Entered Level 5 of the Dungeon
   691 | D:5      | Reached skill level 5 in Shields
   695 | D:5      | Gained mutation: You have a pair of large horns on your
                  | head. [potion of mutation]
   695 | D:5      | Gained mutation: You possess an exceptional clarity of
                  | mind. [potion of mutation]
   695 | D:5      | Gained mutation: You are dopey. (Int -2) [potion of
                  | mutation]
   695 | D:5      | Gained mutation: You have an increased reservoir of magic.
                  | (+10% MP) [potion of mutation]
  1173 | D:5      | Reached XP level 5. HP: 47/47 MP: 4/4
  1181 | D:5      | Reached skill level 4 in Axes
  1807 | D:5      | Noticed a sky beast
  1823 | D:5      | Killed a sky beast
  1823 | D:5      | Reached skill level 5 in Armour
  1823 | D:5      | Reached skill level 1 in Dodging
  1823 | D:5      | Reached XP level 6. HP: 32/53 MP: 5/5
  1890 | D:6      | Reached skill level 5 in Axes
  1997 | D:6      | Found a hazy altar of Hepliaklqana.
  2007 | D:6      | Reached XP level 7. HP: 8/60 MP: 6/6
  2310 | D:6      | Reached skill level 6 in Axes
  2853 | D:5      | Reached skill level 5 in Fighting
  3626 | D:4      | Found a staircase to the Ecumenical Temple.
  3632 | Temple   | Entered the Ecumenical Temple
  3706 | Temple   | Became a worshipper of Zin the Law-Giver
  3706 | Temple   | Reached * piety under Zin
  4158 | D:1      | Reached ** piety under Zin
  4314 | D:1      | Reached skill level 7 in Axes
  4518 | D:2      | Reached XP level 8. HP: 68/68 MP: 7/7
  5153 | D:3      | Found an ancient bone altar of Kikubaaqudgha.
  5254 | D:4      | Found a blossoming altar of Fedhas.
  5318 | D:4      | Noticed Pikel
  5340 | D:4      | Killed Pikel
  5340 | D:4      | Reached skill level 1 in Invocations
  5705 | D:7      | Reached skill level 8 in Axes
  5742 | D:7      | Reached *** piety under Zin
  6100 | D:6      | Reached XP level 9. HP: 69/75 MP: 9/9
  6199 | D:8      | Reached skill level 9 in Axes
  6506 | D:8      | Noticed Grum
  6517 | D:8      | Killed Grum
  6615 | D:8      | Reached skill level 10 in Axes
  7065 | D:9      | Reached XP level 10. HP: 77/86 MP: 11/11
  7075 | D:9      | Reached skill level 11 in Axes
  7096 | D:9      | Found a runed translucent door.
  7099 | D:9      | Noticed a purple ugly thing
  7099 | D:9      | Noticed Flogoulo's ghost (journeyman FoFi)
  7141 | D:9      | Killed a purple ugly thing
  7141 | D:9      | Reached skill level 1 in Stealth
  7288 | D:10     | Entered Level 10 of the Dungeon
  7564 | D:10     | Reached **** piety under Zin
  7566 | D:10     | Found Xutheisk's Assorted Antiques.
  7612 | D:11     | Found a staircase to the Lair.
  7620 | D:11     | Paralysed by fainting for 9 turns
  7629 | Lair:1   | Entered Level 1 of the Lair of Beasts
  7858 | Lair:1   | Noticed a spiny frog
  7861 | Lair:1   | Reached skill level 10 in Armour
  7867 | Lair:1   | Killed a spiny frog
  8033 | Lair:1   | Noticed a seven-headed hydra
  8051 | Lair:2   | Noticed a spiny frog
  8051 | Lair:2   | Noticed a five-headed hydra
  8074 | Lair:1   | Killed a seven-headed hydra
  8074 | Lair:1   | Reached skill level 1 in Maces & Flails
  8283 | Lair:1   | Reached skill level 12 in Axes
  8291 | Lair:1   | Reached XP level 11. HP: 66/94 MP: 12/12
  8458 | Lair:1   | Noticed a six-headed hydra
  8468 | Lair:1   | Killed an 11-headed hydra
  8529 | Lair:1   | Noticed an oklob plant
  8695 | Lair:3   | Noticed Sonja
  8703 | Lair:4   | Zin protects you from harm!
  8709 | Lair:4   | Reached skill level 1 in Evocations
  9137 | Lair:3   | Killed Sonja
  9437 | Lair:3   | Reached skill level 1 in Short Blades
  9765 | Lair:4   | Found a staircase to the Snake Pit.
  9786 | Lair:4   | HP: 4/97 [poisoned by a black mamba]
  9789 | Lair:4   | HP: 1/97 [poisoned by a black mamba]
  9790 | Lair:4   | Succumbed to a black mamba's poison

Skill      XL: |  1  2  3  4  5  6  7  8  9 10 11 |
---------------+----------------------------------+-----
Shields        | 4 5 7 8 9 |  9.9
Fighting       | 4 5 7 8 9 |  9.1
Axes           | 3 4 5 7 8 10 12 | 12.5
Armour         | 4 5 7 8 9 10 11 | 11.4
Dodging        | 1 2 3 |  3.7
Invocations    | 1 2 |  2.3
Stealth        | 2 3 |  3.9
Maces & Flails | 2 |  2.7
Evocations     | 1 |  1.1
Short Blades   | 2 |  2.4

Action                   |  1- 3 |  4- 6 |  7- 9 | 10-12 || total
-------------------------+-------+-------+-------+-------++-------
Melee: War axe           |    52 |    78 |   403 |   242 ||   775
       Headbutt          |     7 |    15 |    78 |    75 ||   175
       Flail             |       |       |       |    11 ||    11
       Dagger            |       |       |       |     5 ||     5
       Short sword       |       |       |       |    14 ||    14
Invok: Recite            |       |       |     5 |     3 ||     8
       Vitalisation      |       |       |       |     1 ||     1
Evoke: Wand              |       |     1 |     1 |     8 ||    10
  Use: Potion            |     1 |     3 |     2 |     9 ||    15
       Scroll            |       |     6 |     3 |     9 ||    18
 Stab: Confused          |       |       |     1 |       ||     1
       Paralysed         |       |       |       |    12 ||    12
       Invisible         |       |       |       |     3 ||     3
  Eat: Chunk             |       |     1 |     5 |     2 ||     8
       Ration            |       |     1 |     3 |     3 ||     7
Armor: Scale mail        |     7 |       |       |       ||     7
       Chain mail        |    34 |    63 |   155 |    82 ||   334
Dodge: Dodged            |    15 |    12 |   116 |   107 ||   250
Block: Shield            |    33 |    52 |   224 |   146 ||   455
